 Dungeon Crawl Stone Soup version 0.29.1-13-g9f3cf754e1 (webtiles) character file.

Game seed: 15695289726979399554

2632 growler the Cleaver (level 9, -7/59 HPs)
             Began as a Demonspawn Wanderer on Jan 22, 2023.
             Was a Follower of Okawaru.
             Shot with an arrow by a centaur warrior (25 damage)
             ... on level 8 of the Dungeon.
             The game lasted 00:16:04 (8770 turns).

growler the Cleaver (Demonspawn Wanderer)           Turns: 8770, Time: 00:16:04

Health: -7/59      AC: 16    Str: 15    XL:     9   Next: 35%
Magic:  14/14      EV:  4    Int: 16    God:    Okawaru [*.....]
Gold:   427        SH:  0    Dex: 12    Spells: 9/10 levels left

rFire   . . .      SeeInvis .   a - +2 hand axe
rCold   . . .      Faith    .   (no shield)
rNeg    . . .      Spirit   .   l - +0 plate armour
rPois   .          Reflect  .   w - +2 helmet
rElec   .          Harm     .   k - scarf {repulsion}
rCorr   .          Rampage  .   b - +0 pair of gloves
Will    .....                   (no boots)
Stlth   ..........              (no amulet)
HPRegen 0.19/turn               (no ring)
MPRegen 0.14/turn               (no ring)

@: lethally poisoned (-7 -> -12), repel missiles
A: hooves 1, yellow scales 1, spiny 1
a: Renounce Religion, Heroism


You were on level 8 of the Dungeon.
You worshipped Okawaru.
Okawaru was aware of your devotion.
You visited 2 branches of the dungeon, and saw 9 of its levels.

You collected 427 gold pieces.

Inventory:

Hand Weapons
 a - a +2 hand axe (weapon)
Missiles
 D - 6 poisoned darts
 F - 3 boomerangs
 H - a throwing net
Armour
 b - a +0 pair of gloves (worn)
 d - a +0 robe
 k - a scarf of repulsion (worn)
 l - a +0 plate armour (worn)
 u - a +0 cloak
 w - a +2 helmet (worn)
Jewellery
 g - a ring of willpower
 y - a ring of flight
 B - a +6 ring of dexterity
 C - an amulet of guardian spirit
 E - an amulet of the acrobat
Wands
 h - a wand of quicksilver (7)
 z - a wand of iceblast (20)
 A - a wand of flame (9)
 G - a wand of mindburst (20)
Scrolls
 c - a scroll of fear
 i - 2 scrolls of teleportation
 j - a scroll of vulnerability
 o - a scroll of summoning
 q - 2 scrolls of fog
 x - a scroll of noise {unknown}
 I - a scroll of immolation {unknown}
Potions
 e - a potion of curing
 f - 4 potions of attraction
 m - a potion of mutation
 n - a potion of resistance
 p - 3 potions of lignification
 s - a potion of berserk rage
 t - a potion of flight
 v - 3 potions of brilliance


   Skills:
 - Level 1.0 Fighting
 + Level 11.3 Axes
 - Level 1.7 Dodging
 - Level 1.0 Spellcasting
 - Level 2.0 Conjurations
 + Level 6.7 Invocations


You had 9 spell levels left.
You knew the following spells:

 Your Spells              Type           Power      Damage    Failure   Level
a - Shock                 Conj/Air       16%        1d4       100%        1

Your spell library contained the following spells:

 Spells                   Type           Power      Damage    Failure   Level
 Freeze                   Ice            0%         1d3       100%        1
 Static Discharge         Conj/Air       4%         3-4/arc   100%        2
 Dazzling Flash           Conj/Hex       8%         N/A       100%        3
 Frozen Ramparts          Ice            0%         1d1       100%        3
 Ozocubu's Armour         Ice            0%         N/A       100%        3
 Hailstorm                Conj/Ice       4%         3d4       100%        4
 Lightning Bolt           Conj/Air       2%         1d13      100%        5
 Metabolic Englaciation   Hex/Ice        0%         N/A       100%        5
 Maxwell's Capacitive Co  Air            0%         ∞         100%        8
 Simulacrum               Ice/Necr       Unusable   N/A       N/A         6

Dungeon Overview and Level Annotations

Branches:
Dungeon (8/15)             Temple (1/1) D:6
   Lair: D:8-11

Altars:
Ashenzari
Dithmenos
Gozag
Hepliaklqana
Kikubaaqudgha
Makhleb
Nemelex Xobeh
Okawaru
Qazlal
Ru
Sif Muna
Trog
Uskayaw
Vehumet
Wu Jian
Xom
Yredelemnul

Shops:
D:2 [   D:4 =

Annotations:
D:7 3 runed translucent doors, SirLogeyBear's ghost, novice HOBe
D:8 Pikel


Innate Abilities, Weirdness & Mutations

You have large cloven feet.
You are partially covered in yellow scales. (AC +2)
You are partially covered in sharp spines.


Message History

The howler monkey attacks as you move away!
The howler monkey is struck by your spines.
The howler monkey hits you.
Found 16 gold pieces.
The yak bellows!
You hear an angry hiss.
A yak comes into view.
A basilisk comes into view.
The water moccasin attacks as you move away!
The water moccasin bites you but does no damage.
The wyvern attacks as you move away! The wyvern bites you!
The howler monkey attacks as you move away!
The howler monkey is struck by your spines.
The howler monkey hits you but does no damage.
The basilisk hisses angrily.
You hear a bellow!
A water moccasin comes into view.
The yak gores the fungus.
The fungus begins to die.
The wyvern bites you! The water moccasin bites you.
You are poisoned.
The water moccasin poisons you!
You feel very sick.
The water moccasin hisses angrily.
The water moccasin bites you but does no damage.
The water moccasin bites the plant!
The plant begins to die.
The water moccasin bites you but does no damage.
The howler monkey is struck by your spines.
The howler monkey barely misses you.
Blink to where?
Press: ? - help, Dir - move target A centaur warrior comes into view.
Found 3 stones.
As you read the scroll of blinking, it crumbles to dust.
You feel sick.
The centaur warrior shouts!
The centaur warrior wields a +1 longbow of freezing.
It is covered in frost.
The centaur warrior shoots an arrow.
The arrow hits you. The arrow freezes you.
The howler monkey hoots and howls with incredible vigour!
You hear an angry hiss.
You hear a shout! x2
You feel sick.
The centaur warrior shoots an arrow.
The arrow hits you but does no damage.
The centaur warrior shoots an arrow.
The arrow hits you!!
You die...

#...###.......# ###...#
###...### ##.....###
##### ##........##
##..........###
###.............#
..#...............##
...................### .
.....c.@....Sh.K.....#K5
............Sl...5..K...
.................5.##Y.#
..................♣YP..h
...........Y.....P.PKP.P
.##.................h...
#.(...$.....P♣..lPP...
#.............P♣YSPP..
...........S.♣....


You could see a centaur warrior, a yak, 2 water moccasins, a wyvern and a howler
monkey.

Vanquished Creatures
  Sigmund (D:3)
  Eustachio (D:6)
  Edmund (D:5)
  An ice beast (D:5)
  2 sky beasts (D:6)
  A black bear (D:4)
  2 ogres
  A centaur (D:7)
  3 phantoms
  4 bullfrogs
  A gnoll sergeant (D:7)
  A scorpion (D:5)
  4 wights (D:4)
  3 electric eels (D:7)
  7 hounds
  3 jellies
  Crazy Yiuf (D:2)
  3 iguanas
  4 orc wizards
  Robin (D:4)
  7 gnolls
  2 adders
  A shadow imp (D:6)
  A white imp (D:7)
  2 worms
  2 dart slugs
  17 orcs
  3 endoplasms
  16 goblins
  10 hobgoblins
  3 jackals (D:4)
  A quokka (D:1)
  9 ball pythons
  5 bats
  2 frilled lizards
  4 kobolds
  5 rats
135 creatures vanquished.

Vanquished Creatures (others)
  A fungus (D:8)
  15 plants
16 creatures vanquished.

Grand Total: 151 creatures vanquished

Notes
Turn   | Place    | Note
-------+----------+-------------------------------------------
     0 | D:1      | growler the Demonspawn Wanderer began the quest for the
                  | Orb.
     0 | D:1      | growler set off with the following items: a +2 hand axe, a
                  | +0 pair of gloves, a scroll of fear, a +0 robe; and the
                  | following spell memorised: Shock; and the following spells
                  | available to memorise: Dazzling Flash.
     0 | D:1      | Reached XP level 1. HP: 15/15 MP: 2/2
    63 | D:1      | Reached skill level 4 in Axes
   214 | D:1      | Gained mutation: You are partially covered in sharp spines.
                  | [demonic ancestry]
   214 | D:1      | Reached XP level 2. HP: 21/21 MP: 3/3
   879 | D:2      | Found Sienipot's Armour Shop.
   891 | D:2      | Gained mutation: You have large cloven feet. [demonic
                  | ancestry]
   891 | D:2      | Reached XP level 3. HP: 25/26 MP: 4/4
  1370 | D:2      | Found a faded altar of an unknown god.
  1573 | D:2      | Found a runed translucent door.
  1574 | D:2      | Noticed Crazy Yiuf
  1730 | D:2      | Killed Crazy Yiuf
  1731 | D:2      | Reached skill level 5 in Axes
  1731 | D:2      | Reached XP level 4. HP: 9/32 MP: 3/5
  2168 | D:3      | Noticed Sigmund
  2177 | D:3      | Killed Sigmund
  2178 | D:3      | Reached skill level 6 in Axes
  2178 | D:3      | Reached XP level 5. HP: 18/37 MP: 6/6
  2334 | D:3      | Found an opulent altar of Gozag.
  2944 | D:4      | Noticed Robin
  2947 | D:4      | Gained mutation: You are partially covered in yellow
                  | scales. (AC +2) [demonic ancestry]
  2947 | D:4      | Reached XP level 6. HP: 43/43 MP: 7/7
  2961 | D:4      | Killed Robin
  3281 | D:4      | Found Pyfasas's Jewellery Emporium.
  3312 | D:4      | Reached skill level 7 in Axes
  3664 | D:4      | Reached XP level 7. HP: 22/48 MP: 8/8
  3833 | D:4      | Reached skill level 8 in Axes
  4373 | D:5      | Entered Level 5 of the Dungeon
  4769 | D:5      | Reached skill level 9 in Axes
  4929 | D:5      | Reached XP level 8. HP: 49/54 MP: 9/9
  5061 | D:5      | Identified the +6 dagger "Nasiezef" {vorpal, rC+ MP+9 Str+4
                  | Int-4}
  5140 | D:5      | Noticed Edmund
  5336 | D:5      | Killed Edmund
  5337 | D:5      | Reached skill level 10 in Axes
  5819 | D:6      | Found a staircase to the Ecumenical Temple.
  5833 | Temple   | Entered the Ecumenical Temple
  6210 | Temple   | Became a worshipper of Warmaster Okawaru
  6240 | D:6      | Reached skill level 1 in Invocations
  6452 | D:6      | Noticed Eustachio
  6487 | D:6      | Killed Eustachio
  6650 | D:6      | Reached * piety under Okawaru
  6943 | D:6      | Reached XP level 9. HP: 52/59 MP: 12/12
  7072 | D:7      | Reached skill level 5 in Invocations
  7076 | D:7      | Reached skill level 11 in Axes
  7531 | D:7      | Found a runed translucent gate.
  7532 | D:7      | Found a runed translucent gate.
  7533 | D:7      | Found a runed translucent gate.
  7564 | D:7      | Noticed SirLogeyBear's ghost (novice HOBe)
  8761 | D:8      | Noticed Pikel
  8769 | D:8      | Noticed a centaur warrior
  8770 | D:8      | Shot with an arrow by a centaur warrior

Illustrated notes

Levels and vault maps discovered:
D:1:      minmay_arrival_loop, layout_basic
D:2:      layout_basic, serial_shops, nicolae_shop_advertising_works
          [nicolae_subvault_shop_adworks], dilly_ecumenical_altar_fadedgnrine,
          uniq_crazy_yiuf_cottage
D:3:      layout_loops_ring, grunt_gozag_breadcrumbs, grunt_ministairs_13,
          minmay_misc_feat_roman, saegor_snake_ambush, uniq_sigmund
D:4:      layout_loops_cross, serial_shops, shop, moated_statue, uniq_robin
D:5:      layout_loops_ring, minmay_misc_feat_x, minmay_misc_feat_nine_boxes,
          st_stairs_9, chequers_serial_rivers_micro_a, kennysheep_flooded_box,
          uniq_edmund
D:6:      layout_basic, minmay_temple_entry_ruins, uniq_eustachio
D:7:      layout_basic, nicolae_overflow_hidden_temple,
          gammafunk_ghost_necromancy, chequers_big_river
D:8:      minmay_cornered_nines, layout_cave_pods, minmay_lair_entry_grove,
          serial_rivers, chequers_serial_rivers_room_b,
          chequers_serial_rivers_room_a, chequers_serial_rivers_micro_a,
          chequers_serial_rivers_micro_e, minmay_the_grid_2x2
          [minmay_the_grid_zigzag_pyramid, minmay_the_grid_dragon_a,
          minmay_the_grid_diamond_grid, minmay_the_grid_prize_shrinking_boxes],
          uniq_pikel
Temple:   compressed_dpeg_triangle_lava_temple

Skill      XL: |  1  2  3  4  5  6  7  8  9 |
---------------+----------------------------+-----
Axes           | 4 5 6 7 9 10 11 | 11.3
Invocations    | 4 6 |  6.7
Fighting       | |  1.0
Dodging        | |  1.7
Spellcasting   | |  1.0
Conjurations   | |  2.0

Action                   |  1- 3 |  4- 6 |  7- 9 || total
-------------------------+-------+-------+-------++-------
Melee: Hand axe          |    61 |    92 |   255 ||   408
       Punch             |     2 |       |     1 ||     3
       Kick              |     3 |    22 |    80 ||   105
Evoke: Wand              |       |       |     8 ||     8
  Use: Scroll            |       |     5 |    10 ||    15
Armor: Robe              |     5 |       |       ||     5
       Plate armour      |    17 |    50 |   172 ||   239
Dodge: Dodged            |    33 |    12 |    28 ||    73
       Repelled          |       |       |     1 ||     1
